 Dungeon Crawl Stone Soup version 0.22-a0-617-g6d95e9e (webtiles) character file.

53 Hebeh the Firebug (level 3, 0/19 HPs)
             Began as a Deep Elf Fire Elementalist on July 12, 2018.
             Slain by a goblin (1 damage)
             ... led by Robin
             ... on level 2 of the Dungeon.
             The game lasted 00:06:43 (1141 turns).

Hebeh the Firebug (Deep Elf Fire Elementalist)      Turns: 1141, Time: 00:06:44

Health: 0/19       AC:  4    Str:  6    XL:     3   Next: 62%
Magic:  3/10       EV: 10    Int: 19    God:
Gold:   86         SH:  0    Dex: 15    Spells: 3/9 levels left

rFire    . . .     SeeInvis .   f - +0 whip
rCold    . . .     Gourm    .   (no shield)
rNeg     . . .     Faith    .   a - +0 robe
rPois    .         Spirit   .   e - +0 helmet
rElec    .         Reflect  .   (no cloak)
rCorr    .         Harm     .   (no gloves)
MR       .....                  n - +0 pair of boots (curse)
Stlth    ++........             (no amulet)
HPRegen  0.06/turn              (no ring)
MPRegen  0.12/turn              (no ring)

@: very slightly contaminated, constricted
A: no striking features
a: no special abilities


You were on level 2 of the Dungeon.
You were hungry.

You visited 1 branch of the dungeon, and saw 2 of its levels.

You collected 86 gold pieces.

Inventory:

Hand Weapons
 f - a +0 whip (weapon)
Missiles
 d - 16 arrows
 m - 17 sling bullets
Armour
 a - a +0 robe (worn)
 e - a +0 helmet (worn)
 n - a cursed +0 pair of boots (worn)
Scrolls
 g - 2 scrolls of identify {unknown}
 l - a scroll of enchant armour {unknown}
Potions
 b - a potion of curing {unknown}
 h - a potion of agility {unknown}
 k - a potion of flight {unknown}
 o - a potion of brilliance {unknown}
Comestibles
 c - 6 rations
 j - 3 chunks of flesh


   Skills:
 - Level 2.4 Dodging
 - Level 2.4 Stealth
 + Level 3.7 Spellcasting
 * Level 2.9 Conjurations
 + Level 3.8 Fire Magic


You had 3 spell levels left.
You knew the following spells:

 Your Spells              Type           Power        Failure   Level  Hunger
a - Flame Tongue          Conj/Fire      ###..        3%          1    None
b - Throw Flame           Conj/Fire      ###...       5%          2    ##.....
c - Conjure Flame         Conj/Fire      ###.....     11%         3    ###....

Your spell library contained the following spells:

 Spells                   Type           Power        Failure   Level  Hunger
 Fireball                 Conj/Fire      ###.......   69%         5    ######.
 Sticky Flame             Conj/Fire      ###.....     34%         4    ####...
 Inner Flame              Hex/Fire       ##......     19%         3    ###....


Dungeon Overview and Level Annotations

Branches:
Dungeon (2/15)

Altars:

Annotations:
D:2 Jessica, Robin


Message History

* * * LOW HITPOINT WARNING * * *
The ball python constricts you.
You escape the ball python's grasp.
The kobold throws a stone.
The stone hits you but does no damage.
You see here a stone.
You found a teleport trap!
The teleport trap disappears.
The kobold disappears!
The ball python closely misses you. The ball python grabs you.
* * * LOW HITPOINT WARNING * * *
The ball python constricts you.
Robin roars a battlecry!
The goblins go into a battle-frenzy!
The ball python's grasp on you weakens, but your attempt to escape fails.
Jessica gestures wildly while chanting.
Jessica blinks!
The ball python closely misses you. The ball python constricts you.
The goblin hits you but does no damage.
The ball python's grasp on you weakens, but your attempt to escape fails.
The ball python bites you but does no damage.
The ball python constricts you. The goblin hits you.
You die...

#.
#...........######
#.
#.......@...'....+
#(..........######
#...........#
#...........#
#.....g.....#
#(...(.ยง....#
#......Sg...#
#......g@...########
##########.........#
#########.#
#......#.#
#.####.#.#
#.#...<#.#
#.#..#.#.#
#.#.##.#.# #.#.
..#.#


You could see Robin, Jessica, 2 goblins and a ball python.

Vanquished Creatures
  An adder (D:2)
  A worm (D:2)
  2 dart slugs (D:1)
  3 giant cockroaches
  8 goblins
  9 hobgoblins
  2 ball pythons (D:1)
  A bat (D:1)
  2 frilled lizards (D:1)
  A kobold (D:1)
  4 rats
34 creatures vanquished.

Notes
Turn   | Place    | Note
-------+----------+-------------------------------------------
     0 | D:1      | Hebeh the Deep Elf Fire Elementalist began the quest for the Orb.
     0 | D:1      | Reached XP level 1. HP: 10/10 MP: 6/6
   266 | D:1      | Reached XP level 2. HP: 15/15 MP: 5/8
   934 | D:2      | Reached XP level 3. HP: 19/19 MP: 3/10
   938 | D:2      | Learned a level 2 spell: Throw Flame
   942 | D:2      | Learned a level 3 spell: Conjure Flame
  1112 | D:2      | Noticed Jessica
  1117 | D:2      | Noticed Robin
  1141 | D:2      | Slain by a goblin

Vault maps used:
D:1:      lemuel_arrival_broad_hall
D:2:      first_ration, uniq_robin, uniq_jessica

Skill      XL: |  1  2 |
---------------+-------+-----
Conjurations   | 2 |  2.9
Dodging        | |  2.4
Stealth        | |  2.4
Spellcasting   | |  3.7
Fire Magic     | |  3.8

Action                   || total
-------------------------++-------
Throw: Stone             ||    48
 Cast: Flame Tongue      ||    55
Armor: Robe              ||     8
Dodge: Dodged            ||    19

Table legend:
 A = Spawn XP
 B = Non-spawn XP
 C = Spawn XP percentage of total XP
 D = Spawn monster count
 E = Non-spawn monster count
 F = Spawn count percentage of total count
 G = Total turns spent on level
                    A         B        C        D         E        F      G
               +---------+---------+-------+---------+---------+-------+---------
         Total |       0 |      76 |   0.0 |       0 |      34 |   0.0 |  1141
               +---------+---------+-------+---------+---------+-------+---------
           D:1 |       0 |      36 |   0.0 |       0 |      20 |   0.0 |   894
           D:2 |       0 |      40 |   0.0 |       0 |      14 |   0.0 |   247
               +---------+---------+-------+---------+---------+-------+---------
